 Dungeon Crawl Stone Soup version 0.19.0-19-g8c6edcc (webtiles) character file.

91 JeffiDaFish the Shield-Bearer (level 4, 0/28 HPs)
             Began as a Gargoyle Fighter on Nov 12, 2016.
             Killed from afar by Sigmund (3 damage)
             ... with a puff of flame
             ... on level 3 of the Dungeon.
             The game lasted 00:04:22 (1497 turns).

JeffiDaFish the Shield-Bearer (Gargoyle Fighter)    Turns: 1497, Time: 00:04:22

Health: 0/28       AC: 11    Str: 22 (25) XL:     4   Next: 59%
Magic:  4/4        EV:  7    Int:  8 (9)  God:
Gold:   69         SH:  9    Dex:  8 (9)  Spells: 0 memorised, 3 levels left

rFire  . . .     SeeInvis .     a - +1 flail
rCold  . . .     Gourm    .     b - +0 scale mail
rNeg   + . .     Faith    .     c - +0 shield
rPois  ∞         Spirit   .     (no helmet)
rElec  +         Reflect  .     (no cloak)
rCorr  .         Harm     .     i - +0 pair of gloves
MR     .....                    (no boots)
Stlth  ..........               (no amulet)
                                (no ring)
                                (no ring)

@: mighty
A: negative energy resistance 1, electricity resistance, unbreathing,
petrification resistance, rot immunity, AC +3
a: no special abilities


You were on level 3 of the Dungeon.
You were not hungry.

You visited 1 branch of the dungeon, and saw 3 of its levels.

You collected 69 gold pieces.

Inventory:

Hand Weapons
 a - a +1 flail (weapon)
Armour
 b - a +0 scale mail (worn)
 c - a +0 shield (worn)
 i - a +0 pair of gloves (worn)
Scrolls
 e - a scroll of teleportation
Potions
 j - a potion of agility
Comestibles
 f - a bread ration
 h - a beef jerky


   Skills:
 + Level 3.5 Fighting
 + Level 3.2 Maces & Flails
 + Level 3.7 Armour
 + Level 0.7 Dodging
 + Level 4.2 Shields


You had 3 spell levels left.
You didn't know any spells.

Dungeon Overview and Level Annotations

Branches:
Dungeon (3/15)

Altars:
Gozag

Shops:
D:2 *

Annotations:
D:3 Sigmund


Innate Abilities, Weirdness & Mutations

You are resistant to torment.
Your stone body is resilient. (AC +3)
You are immune to poison.
You resist negative energy. (rN+)
You are resistant to electric shocks. (rElec)
You can survive without breathing.
You are immune to petrification.
You are immune to rotting.


Message History

You miss something. Something hits you but does no damage.
You miss something. You block something's attack.
You miss something. Something hits you.
* * * LOW HITPOINT WARNING * * *
You miss something. Something hits you but does no damage.
You miss something.
You hear some strange, mumbled words.
A puff of flame appears from out of thin air!
The puff of flame misses you.
You feel very mighty all of a sudden. Something hits you.
* * * LOW HITPOINT WARNING * * *
Your shield and scale mail prevent you from hitting something.
You miss something. You block something's attack.
You miss something. Something hits you but does no damage.
You closely miss something.
You hear some strange, mumbled words.
A puff of flame appears from out of thin air!
The puff of flame hits you!
You die...

#.##############
#. ##.## ..
##...## ##
#.....####.#
#...........
#.....####..
##...## ##.))#
#.#@# #.#{#
#.#.# #.#.#
#.#.# #....
#####


There were no monsters in sight!

Vanquished Creatures
  An orc priest (D:3)
  2 adders (D:2)
  An ooze (D:3)
  A worm (D:2)
  A leopard gecko (D:1)
  2 orcs (D:3)
  A giant cockroach (D:2)
  4 hobgoblins
  A kobold (D:2)
  A quokka (D:2)
  4 bats
  2 frilled lizards
  7 goblins
  9 rats
37 creatures vanquished.

Notes
Turn   | Place    | Note
-------+----------+-------------------------------------------
     0 | D:1      | JeffiDaFish the Gargoyle Fighter began the quest for the Orb.
     0 | D:1      | Reached XP level 1. HP: 14/14 MP: 1/1
   127 | D:1      | Reached XP level 2. HP: 18/19 MP: 2/2
   757 | D:2      | Reached XP level 3. HP: 10/23 MP: 3/3
  1076 | D:2      | Reached skill level 4 in Shields
  1131 | D:2      | Found Gozag's Platinum Reserve.
  1131 | D:2      | Found an opulent altar of Gozag.
  1426 | D:3      | Reached XP level 4. HP: 28/28 MP: 4/4
  1474 | D:3      | Noticed Sigmund
  1497 | D:3      | Killed from afar by Sigmund

Skill      XL: |  1  2  3  4 |
---------------+-------------+-----
Shields        | 4 |  4.2
Maces & Flails | 3 |  3.2
Fighting       | |  3.5
Armour         | |  3.7
Dodging        | |  0.7

Action                   |  1- 3 |  4- 6 || total
-------------------------+-------+-------++-------
Melee: Flail             |   128 |    20 ||   148
  Use: Potion            |     5 |     1 ||     6
       Scroll            |     5 |       ||     5
  Eat: Chunk             |     1 |     1 ||     2
Armor: Scale mail        |    73 |     8 ||    81
Dodge: Dodged            |    57 |     2 ||    59
Block: Shield            |    77 |     7 ||    84
